 Dungeon Crawl Stone Soup version 0.31-b1-18-g61460d1e46 (webtiles) character file.

Game seed: 12784819794313660158

79 Esekla the Sneak (level 4, -3/31 HPs)
             Began as an Octopode Delver on Jan 17, 2024.
             Slain by a human zombie (5 damage)
             ... on level 5 of the Dungeon.
             The game lasted 00:02:15 (237 turns).

Esekla the Sneak (Octopode Delver)                   Turns: 237, Time: 00:02:15

Health: -3/31      AC:  1    Str: 11    XL:     4   Next: 38%
Magic:  2/5        EV: 13    Int: 14    God:
Gold:   22         SH:  0    Dex: 13    Spells: 5/5 levels left

rFire   . . .        a - +0 falchion
rCold   . . .        (no shield)
rNeg    . . .        (helmet restricted)
rPois   .            (no amulet)
rElec   .            (no ring)
rCorr   .            (no ring)
SInv    .            (no ring)
Will    .....        (no ring)
Stlth   +++++        (no ring)
HPRegen 0.25/turn    (no ring)
MPRegen 0.09/turn    (no ring)
                     (no ring)

%: no passive effects
@: no status effects
A: almost no armour, amphibious, 8 rings, camouflage 1, gelatinous body 1,
(nimble swimmer 1), tentacles
a: no special abilities


You were on level 5 of the Dungeon.
You visited 1 branch of the dungeon, and saw 1 of its levels.

You collected 22 gold pieces.

Inventory:

Hand Weapons
 a - a +0 falchion (weapon)
Wands
 c - a wand of mindburst (20)
 f - a wand of digging (3)
 j - a wand of acid (8)
Scrolls
 b - a scroll of fog
 d - a scroll of fear
 h - a scroll of identify {unknown}
 k - a scroll of silence {unknown}
 l - a scroll of amnesia {unknown}
Potions
 e - a potion of haste
 g - a potion of curing {unknown}
 i - a potion of lignification {unknown}


   Skills:
 * Level 3.4 Fighting
 * Level 2.4 Long Blades
 * Level 2.4 Dodging
 + Level 7.6 Stealth
 * Level 1.0 Spellcasting


You had 5 spell levels left.
You didn't know any spells.
Your spell library was empty.

Dungeon Overview and Level Annotations

Branches:
Dungeon (5/15)
 Temple: D:4-7

Altars:
Kikubaaqudgha
Uskayaw


Innate Abilities, Weirdness & Mutations

You cannot wear most types of armour.
You are amphibious.
You can wear up to eight rings at the same time.
Your skin changes colour to match your surroundings (Stealth+).
Your rubbery body absorbs attacks. (AC +1, EV +1)
((You are camouflaged when in or above water. (Stealth+)))
You have tentacles for arms and can constrict up to eight enemies at once.


Message History

The necrophage misses you.
The necrophage attacks as it pursues you!
The necrophage barely misses you.
The necrophage attacks as it pursues you!
The necrophage hits you.
You hit the necrophage. Your grab misses the necrophage.
The necrophage is lightly damaged.
The necrophage closely misses you.
You barely miss the necrophage. You grab the necrophage.
You squeeze the necrophage, but do no damage.
The necrophage is lightly damaged.
You constrict the necrophage. The necrophage hits you.
You feel drained. The necrophage hits you!
* * * LOW HITPOINT WARNING * * *
You hit the necrophage.
The necrophage is moderately damaged.
You constrict the necrophage. The necrophage barely misses you.
You hit the necrophage. You squeeze the necrophage.
The necrophage is heavily damaged.
You constrict the necrophage. The necrophage misses you.
You hit the necrophage.
The necrophage is severely damaged.
You constrict the necrophage. The necrophage barely misses you.
You slash the necrophage!
You squeeze the necrophage, but do no damage.
The necrophage is almost destroyed.
You constrict the necrophage. The necrophage hits you.
* * * LOW HITPOINT WARNING * * *
You hit the necrophage.
You destroy the necrophage!
Your life force feels restored.
Your Spellcasting skill increases to level 1!
You have reached level 3!
Your experience leads to an increase in your attributes!
Increase (S)trength, (I)ntelligence, or (D)exterity?
You feel clever. x2
You have reached level 4!
The human zombie attacks as it pursues you!
The human zombie hits you.
You die...

.# .###################
...................#
.######.##########.### ...#
#.# #...# .#.#
*######*****###.# ##.#
*,*,#_#,*,*,*#8.# ##.#
#+#+#'#+#+#+###.# ##.#
#........†Z@.'..# ##.#
#+#+#'#+#+#+##### ##.#
*,*,#.#,*,*,** *
##.###############***
##.##...#####.##.#
.####.####.##.##.##########
##.......#.##.............#
#.....†.#.#####.########.#
##[†..†..#.#####.# #.#


You could see a human zombie.

Vanquished Creatures
  A necrophage (D:5)
  2 adders (D:5)
3 creatures vanquished.

Notes
Turn   | Place    | Note
-------+----------+-------------------------------------------
     0 | D:5      | Esekla the Octopode Delver began the quest for the Orb.
     0 | D:5      | Reached XP level 1. HP: 16/16 MP: 1/1
    31 | D:5      | Found a hide-covered altar of Uskayaw.
    31 | D:5      | Noticed a hound
    40 | D:5      | Reached XP level 2. HP: 21/21 MP: 2/2
   178 | D:5      | Reached skill level 7 in Stealth
   224 | D:5      | Found an ancient bone altar of Kikubaaqudgha.
   225 | D:5      | Noticed a necrophage
   235 | D:5      | HP: 1/20 [necrophage (6)]
   236 | D:5      | Killed a necrophage
   237 | D:5      | Reached skill level 1 in Spellcasting
   237 | D:5      | Reached XP level 3. HP: 2/26 MP: 2/4
   237 | D:5      | Reached XP level 4. HP: 2/31 MP: 2/5
   237 | D:5      | Slain by a human zombie

Illustrated notes

Levels and vault maps discovered:
D:5:      layout_loops_ring, lemuel_mausoleum_altar_kikubaaqudgha,
          nicolae_uskayaw_murder_on_the_dancefloor, minmay_misc_feat_alley,
          uniq_menkaure, uniq_duvessa

Skill      XL: |  1  2 |
---------------+-------+-----
Stealth        | 7 |  7.6
Spellcasting   | 1 |  1.0
Fighting       | |  3.4
Long Blades    | |  2.4
Dodging        | |  2.4

Action                     |  1- 3 |  4- 6 || total
---------------------------+-------+-------++-------
  Melee: Falchion          |    10 |       ||    10
         Tentacles         |     4 |       ||     4
         Constrict         |     1 |       ||     1
    Use: Scroll            |     1 |       ||     1
 Armour: Skin              |     5 |     1 ||     6
  Dodge: Dodged            |     7 |       ||     7
